[Event "Late-Titled-Tuesday-Blitz-May-07-2024"]
[Site "Chess.com"]
[Date "2024.05.07"]
[Round "1"]
[White "karinachess1"]
[Black "martinmena"]
[Result "1-0"]
[WhiteElo "2589"]
[BlackElo "2152"]
[TimeControl "180+1"]
[EndTime "14:08:24 PDT"]
[Termination "karinachess1 won on time"]

1. e4 c6 2. Ne2 d5 3. e5 Bf5 4. Ng3 Bg6 5. h4 h5 6. e6 f6 7. d4 Qd6 8. Qe2 Qb4+ 9. c3 Qd6 10. Nd2 Na6 11. Nb3 Nc7 12. Nc5 b6 13. Na6 Nxe6 14. Bd2 Nc7 15. O-O-O b5 16. Nc5 e6 17. Qf3 Qd8 18. Bd3 Bf7 19. Rhe1 Bxc5 20. dxc5 Qd7 21. Nf5 O-O-O 22. Nd6+ Kb8 23. Bf4 e5 24. Bxe5 fxe5 25. Qxf7 e4 26. Bc2 Nf6 27. f3 Rhf8 28. Qxd7 Rxd7 29. fxe4 dxe4 30. Bxe4 Ncd5 31. Bf3 Re7 32. Rxe7 Nxe7 33. Re1 Ned5 34. Kc2 Kc7 35. Re5 Kd7 36.
a4 a6 37. axb5 axb5 38. Rg5 Rg8 39. Kd3 g6 40. Kd4 Nf4 41. Re5 Ne6+ 42. Kd3 Nf4+ 43. Kd2 N4d5 44. b3 Rg7 45. c4 Re7 46. Rxe7+ Nxe7 47. cxb5 cxb5 48. Nxb5 Nf5 49. c6+ Kc8 50. Na7+ Kc7 51.
Nb5+ Kc8 52. b4 Ne8 53. Na7+ Kc7 54. Nb5+ Kb6 55. Nc3 Nd4 56. Be4 Nxc6 57. Nd5+ 1-0

[Event "Late-Titled-Tuesday-Blitz-May-07-2024"]
[Site "Chess.com"]
[Date "2024.05.07"]
[Round "1"]
[White "ploxoi"]
[Black "TokChess"]
[Result "0-1"]
[WhiteElo "2336"]
[BlackElo "2652"]
[TimeControl "180+1"]
[EndTime "14:08:26 PDT"]
[Termination "TokChess won by resignation"]

1. d4 d5 2. c4 c6 3. Nf3 Nf6 4. g3 Bg4 5. Bg2 e6 6. Nc3 Nbd7 7. O-O Be7 8. Nd2 O-O 9. Qc2 a5 10. e4 dxe4 11. Ndxe4 Nxe4 12. Nxe4 Nf6 13. Be3 Bf5 14. Rfd1 a4 15. Rac1 Qa5 16. Nxf6+ Bxf6 17. Qd2 Qxd2 18. Rxd2 Rfd8 19. Rcd1 Bg4 20. f3 Bf5 21. g4 Bg6 22.
f4 h5 23. h3 Be7 24. d5 Bb4 25. Rf2 cxd5 26. cxd5 f6 27. a3 Ba5 28. d6 Rd7 29. Bc5 Rc8 30. Bd4 Rcd8 31. Bc3 Bxc3 32. bxc3 Rxd6 33. Rxd6 Rxd6 34. Bxb7 Rd3 35. Rf3 Rd2 36. Bc8 e5 37. Ba6 Kh7 38. fxe5 fxe5 39. Re3 hxg4 40.
hxg4 e4 41. Bb7 Kh6 42. Bxe4 Ra2 43. Bxg6 Kxg6 44. Re6+ Kg5 45. Re4 Rxa3 46. Kg2 Rxc3 47. Rxa4 Rc2+ 48. Kg3 Rc3+ 49. Kg2 g6 50. Kf2 Kh4 51.
Kg2 Rc2+ 52. Kg1 g5 53. Rb4 Re2 54. Kf1 Rd2 55. Ke1 Rg2 56. Kf1 Rxg4 57. Rb7 Kh3 58. Rh7+ Kg3 59. Rf7 Rf4+ 60. Rxf4 Kxf4 61. Kg1 Kg3 62.
Kf1 Kh2 63. Kf2 g4 0-1

[Event "Late-Titled-Tuesday-Blitz-May-07-2024"]
[Site "Chess.com"]
[Date "2024.05.07"]
[Round "1"]
[White "SHIVACalypso"]
[Black "klimkoj"]
[Result "0-1"]
[WhiteElo "2532"]
[BlackElo "2940"]
[TimeControl "180+1"]
[EndTime "14:08:29 PDT"]
[Termination "klimkoj won by checkmate"]

1. c4 Nf6 2. Nc3 c5 3. Nf3 d5 4.
cxd5 Nxd5 5. Nxd5 Qxd5 6. d3 Nc6 7. g3 e5 8. Bg2 Be7 9. O-O O-O 10. Be3 Qe6 11.
Rc1 Nd4 12. Bxd4 exd4 13. a3 Qb6 14. Qc2 Be6 15. e3 dxe3 16. fxe3 Bf6 17. Qxc5 Bxb2 18. Qxb6 axb6 19. Rb1 Bxa3 20. Rxb6 Bc5 21. Rxb7 Bxe3+ 22. Kh1 Ra2 23. Rfb1 g6 24. R7b2 Rfa8 25. Rxa2 Rxa2 26.
Re1 Bf2 27. Rf1 Bf5 28. Ne5 Bd4 29. Bd5 Ra5 30. Bxf7+ Kg7 31. Nf3 Bxd3 32. Re1 Bf2 33. Re7 Kf6 34. Rd7 Bf5 35. Rd2 Bb6 36. Bc4 Bc5 37.
Kg2 Be4 38. Re2 Bb7 39. Rb2 Ba8 40. Be2 Ra3 41. Rc2 Bb6 42. Rb2 Ba7 43. Rc2 h5 44. h3 g5 45. g4 hxg4 46. hxg4 Ra4 47. Rc4 Ra2 48. Kf1 Bxf3 49. Bxf3 Rf2+ 50. Ke1 Rxf3 51.
Rc6+ Ke5 52. Rg6 Kf4 53. Rf6+ Kxg4 54. Ra6 Be3 55. Ra4+ Bf4 56. Ke2 Rh3 57. Kf2 Rh2+ 58. Kg1 Rd2 59. Ra3 Re2 60. Rb3 Re3 61. Rb4 Kg3 62.
Rb2 Re1# 0-1

[Event "Late-Titled-Tuesday-Blitz-May-07-2024"]
[Site "Chess.com"]
[Date "2024.05.07"]
[Round "1"]
[White "koziororo"]
[Black "MuhittinBuker"]
[Result "1-0"]
[WhiteElo "2603"]
[BlackElo "2204"]
[TimeControl "180+1"]
[EndTime "14:08:30 PDT"]
[Termination "koziororo won on time"]

1. e4 e5 2. Nf3 Nc6 3. Nc3 Nf6 4. d4 exd4 5. Nd5 Be7 6. Nxd4 Nxd4 7. Qxd4 Nxd5 8. exd5 Bf6 9. Qe4+ Qe7 10. Qxe7+ Kxe7 11. Bf4 d6 12. O-O-O Re8 13. Bd3 h6 14. Rhe1+ Kf8 15.
Rxe8+ Kxe8 16. Re1+ Kf8 17. g3 Bd7 18. c4 b6 19. h4 Re8 20. Rxe8+ Kxe8 21. b3 Bg4 22. Kd2 Ke7 23. Be4 Bd4 24. Be3 Bxe3+ 25. Kxe3 f5 26. f3 Bh3 27. Bd3 Kf6 28. Be2 g5 29. hxg5+ hxg5 30. f4 Bg2 31. Bd3 g4 32. a3 a5 33. b4 axb4 34.
axb4 Bf3 35. Kd4 Bd1 36. c5 bxc5+ 37. bxc5 Ba4 38. Ba6 Bd7 39. Kc4 Ke7 40. Kb4 Kd8 41. Bb7 Be8 42. Ba6 Bf7 43. Kc4 Kd7 44. Kd4 Bg6 45. Bd3 Ke7 46. Ba6 Kd7 47. Bb7 Bh7 48. Kc4 Bg6 49. Bc6+ Kd8 50. Ba4 Bh7 51. Kb5 Bg6 52.
Bc2 Be8+ 53. Ka6 Bg6 54. cxd6 cxd6 55. Kb6 Ke7 56. Kc7 Bh7 57. Ba4 Bg6 58. Bd7 Bh7 59.
Be6 Bg6 60. Kc8 Bh7 61. Kb7 Bg6 62. Kc6 Bh7 63. Kc7 Bg6 64. Bg8 Be8 65. Bh7 Bf7 66. Bxf5 Bxd5 67. Bxg4 Be4 68. Kb6 d5 69. Kc5 Kf6 70.
Kd4 Bh1 71. Bh3 Bf3 72. g4 Kg6 73. Ke5 Bh1 74. Bf1 Kf7 75. Bd3 Bg2 76. g5 Bf3 77. f5 Bg2 78. f6 Bf3 79. g6+ Kf8 80. g7+ Kf7 81. Bf5 1-0

[Event "Late-Titled-Tuesday-Blitz-May-07-2024"]
[Site "Chess.com"]
[Date "2024.05.07"]
[Round "1"]
[White "FrenchMonster2002"]
[Black "GlavkonVVS"]
[Result "1-0"]
[WhiteElo "2426"]
[BlackElo "2687"]
[TimeControl "180+1"]
[EndTime "14:08:36 PDT"]
[Termination "FrenchMonster2002 won by resignation"]

1. e4 Nf6 2. e5 Nd5 3. d4 d6 4. c4 Nb6 5. exd6 cxd6 6. Nc3 g6 7. Be3 Bg7 8. Rc1 O-O 9. b3 f5 10. d5 f4 11. Bd4 Bxd4 12. Qxd4 e5 13. dxe6 Nc6 14.
Qd2 Bxe6 15. Nf3 d5 16. cxd5 Nxd5 17. Be2 Nxc3 18. Qxc3 Rc8 19. O-O Qa5 20. Qxa5 Nxa5 21. Nd4 Bf7 22. Bf3 Rfd8 23. Nb5 Rxc1 24. Rxc1 a6 25.
Nc3 Rd2 26. Kf1 Be8 27. Ke1 Rb2 28. Be4 Bc6 29. Nd5 Kg7 30. b4 Bxd5 31. Bxd5 Rxb4 32. Rc7+ Kf6 33. Rxh7 b5 34. h4 Rd4 35. Bf3 Nc4 36. Ra7 Rd6 37. g3 Ne5 38. Bb7 Nd3+ 39. Ke2 Nc5 40. Bc8 Rc6 41. Bg4 fxg3 42. fxg3 Na4 43. Kf3 Rc3+ 44. Kf4 Nc5 45. Bf3 Ra3 46. g4 Ra4+ 47.
Kg3 g5 48. h5 Ra3 49. h6 Re3 50. h7 Re8 51. Rc7 Ne6 52. Rc6 Ke5 53. Rxa6 Rh8 54.
Ra7 Nd4 55. Bd1 Kd5 56. Bb3+ Kc5 57. Bg8 Kb4 58. Rg7 Kc3 59. Rxg5 b4 60. Re5 Kd3 61. g5 Nc6 62. Re6 Nd8 63. Rf6 Ke4 64. g6 Ke5 65. Rf8 Ne6 66. Bxe6 Rxf8 67. g7 Re8 68. g8=Q Rxe6 69.
Qxe6+ Kxe6 70. h8=Q Kd5 71. Qb2 1-0

[Event "Late-Titled-Tuesday-Blitz-May-07-2024"]
[Site "Chess.com"]
[Date "2024.05.07"]
[Round "1"]
[White "semchik90"]
[Black "quvnoq_muxlis"]
[Result "1-0"]
[WhiteElo "2422"]
[BlackElo "2696"]
[TimeControl "180+1"]
[EndTime "14:08:41 PDT"]
[Termination "semchik90 won by resignation"]

1. Nf3 d5 2. c4 e6 3. d4 a6 4. cxd5 exd5 5. Nc3 Nf6 6. Bg5 c6 7. e3 Bd6 8. Ne5 h6 9. Bh4 Nbd7 10. f4 O-O 11. Bd3 Qb6 12. Qe2 Qa5 13. O-O Re8 14. Bc2 c5 15. Nxd7 Nxd7 16. Nxd5 cxd4 17. Qd3 Nf8 18.
Qxd4 Bc5 19. Qd3 Be6 20. Nc3 Rad8 21. Bxd8 Rxd8 22. Qe2 Qb6 23. Na4 Bxe3+ 24. Kh1 Qa7 25. f5 Bd7 26. Nc3 Re8 27. Qd3 Bc6 28. Rae1 Qc5 29.
Nd1 Bg5 30. Rxe8 Bxe8 31. Nc3 Qe5 32. Qe4 Qb8 33. Nd5 Bc6 34. f6 gxf6 35. Ne7+ Kg7 36.
Nxc6 bxc6 37. b3 Qd6 38. Rd1 Qe6 39. Qxe6 Nxe6 40. Rd6 c5 41. Rxa6 Nd4 42. Bd3 f5 43. Ra8 Be3 44. a4 Nxb3 45. Bxf5 c4 46. Rc8 Nd2 47.
Bc2 Kf6 48. a5 Ke5 49. a6 Bb6 50. Rb8 Be3 51. Rb7 f5 52. a7 Bxa7 53. Rxa7 f4 54. Rc7 Kd4 55. Bf5 Ke3 56. g3 f3 57. Bh3 f2 58. Re7+ Kd3 59. Rf7 Ke3 60. Kg2 f1=Q+ 61. Rxf1 Nxf1 62. Kxf1 c3 63. Bf5 Kf3 64. Kg1 Ke3 65. Kg2 Kd2 66. Kf3 c2 67. Bxc2 Kxc2 68. Kg4 Kd3 69. Kh5 Ke4 70. Kxh6 Kf5 71. Kh5 Kf6 72. g4 Kg7 73. h4 Kh7 74. Kg5 Kg7 1-0

[Event "Late-Titled-Tuesday-Blitz-May-07-2024"]
[Site "Chess.com"]
[Date "2024.05.07"]
[Round "1"]
[White "Assumpcaos"]
[Black "ahkashefi2800"]
[Result "1-0"]
[WhiteElo "2175"]
[BlackElo "2573"]
[TimeControl "180+1"]
[EndTime "14:08:44 PDT"]
[Termination "Assumpcaos won on time"]

1. d4 d5 2. c4 c6 3. Nc3 Nf6 4.
cxd5 cxd5 5. Bf4 Nc6 6. e3 a6 7. Nf3 Bg4 8. Be2 e6 9. O-O Bd6 10.
Bxd6 Qxd6 11. Rc1 O-O 12. a3 Rfc8 13. Na4 Nd7 14. Qd2 Rc7 15. b4 Rac8 16. Nc5 h6 17. h3 Bxf3 18. Bxf3 Ndb8 19. Be2 Qd8 20. Bd3 Ne7 21.
Nb3 Rxc1 22. Rxc1 Rxc1+ 23. Qxc1 Nd7 24. Na5 b5 25. Nc6 Nxc6 26. Qxc6 Nb6 27. Kf1 Qb8 28.
Ke2 g5 29. g3 Kg7 30. Kd2 Qa7 31. Qd6 Nc4+ 32. Bxc4 dxc4 33. Kc3 Qb7 34. Qe5+ Kg8 35. e4 Qa7 36. f4 gxf4 37. gxf4 Qe7 38. d5 Kh7 39. f5 Qg5 40. dxe6 Qe3+ 41. Kc2 Qd3+ 42. Kc1 Qxa3+ 43. Kd1 Qd3+ 44. Ke1 Qe3+ 45. Kd1 c3 46.
Qd5 fxe6 47. fxe6 Qxh3 48. e7 Qf1+ 49. Kc2 Qf2+ 50. Kxc3 Qf6+ 51. e5 Qxe7 52. Qd6 Qg7 53. Kd4 h5 54. Kd5 h4 55. e6 Qg5+ 56. Kc6 Qg2+ 57.
Kd7 Qg4 58. Kc7 Qc4+ 59. Kd7 h3 60. e7 Qf7 61. Kd8 h2 62. Qxh2+ Kg7 63. Qg3+ 1-0

[Event "Late-Titled-Tuesday-Blitz-May-07-2024"]
[Site "Chess.com"]
[Date "2024.05.07"]
[Round "1"]
[White "Chess_Star1234"]
[Black "MyDream003"]
[Result "0-1"]
[WhiteElo "2486"]
[BlackElo "2827"]
[TimeControl "180+1"]
[EndTime "14:08:45 PDT"]
[Termination "MyDream003 won by checkmate"]

1. d4 Nf6 2. c4 e6 3. Nc3 Bb4 4. Qc2 d5 5. a3 Bxc3+ 6. Qxc3 O-O 7. Bg5 Nbd7 8. e3 h6 9. Bxf6 Nxf6 10. Nf3 b6 11. Bd3 Bb7 12. c5 Ne4 13. Bxe4 dxe4 14. Nd2 Bd5 15. O-O c6 16. Nc4 Bxc4 17. Qxc4 b5 18.
Qc2 Qd5 19. a4 b4 20. Rac1 a5 21. Qc4 Qd7 22. Rfd1 Kh8 23. d5 cxd5 24. Qxe4 Qxa4 25. Qe5 Qc6 26. e4 Rfd8 27. exd5 exd5 28. h3 a4 29.
Qf4 Rab8 30. Qxf7 d4 31. Qc4 a3 32. bxa3 bxa3 33. Rxd4 Rdc8 34. Rd2 Rb5 35. Ra2 Ra5 36. Qc3 Rca8 37. Qe3 Re8 38. Qc3 Rea8 39. Qe3 R5a6 40. Rca1 Qa4 41. g3 Qb4 42. Kg2 Qb7+ 43. Kh2 Qa7 44.
h4 Ra4 45. Kg2 Qb7+ 46. Kh2 Qa6 47. Qf3 Qa7 48. Qe3 Ra6 49. Qf3 Qxc5 50. Qe3 Qd6 51. Kg2 Ra4 52. Qf3 Qb4 53. Qe3 R4a6 54. Qf3 R8a7 55. Qe3 Qf8 56. Re1 Ra8 57. Rea1 Ra5 58.
Qf3 Qe7 59. Qe3 Qd6 60. Qf3 Ra4 61. Qe3 R4a6 62. Qf3 Qb4 63. Qe3 R6a7 64. Qf3 Rf8 65. Qe3 Qb7+ 66. Kg1 Rf3 67. Qe2 Ra8 68. Rf1 Rb3 69.
Qc2 Rb2 70. Qc4 Rc8 71. Qe6 Ra8 72. Rfa1 Rb3 73. Qc4 Qb6 74. Qc1 Rxg3+ 75. Kh2 Rg4 76. Rxa3 Rf8 77. f3 Qf2+ 78. Kh1 Qg2# 0-1

[Event "Late-Titled-Tuesday-Blitz-May-07-2024"]
[Site "Chess.com"]
[Date "2024.05.07"]
[Round "1"]
[White "Narek_Ghimoyan"]
[Black "ellatambien"]
[Result "1/2-1/2"]
[WhiteElo "2395"]
[BlackElo "2683"]
[TimeControl "180+1"]
[EndTime "14:08:47 PDT"]
[Termination "Game drawn by repetition"]

1. d4 Nf6 2. c4 e6 3. Nf3 d5 4. Nc3 Bb4 5. Bg5 h6 6. Bxf6 Qxf6 7. e3 O-O 8. Rc1 dxc4 9. Bxc4 c5 10. O-O cxd4 11.
Ne4 Qe7 12. a3 Ba5 13. exd4 Nd7 14. b4 Bb6 15. Re1 Nf6 16. Nc5 Rd8 17. Rc3 Nd5 18. Rd3 Bc7 19. Ne5 b6 20. Nc6 Qd6 21. Ne5 bxc5 22.
dxc5 Qf8 23. Nc6 Rd7 24. Bxd5 Rxd5 25. Rxd5 exd5 26. Qxd5 Be6 27. Qf3 Re8 28. g3 g6 29.
Nd4 Bc4 30. Rc1 Be6 31. Nxe6 Rxe6 32. Qb7 Qb8 33. c6 Re8 34. Qa6 Bb6 35. Qc4 Qc7 36.
b5 Rd8 37. Re1 Qd6 38. Re2 Qd1+ 39. Kg2 Qd5+ 40. Qxd5 Rxd5 41. a4 Rc5 42. Re7 Kg7 43. Rb7 Kf6 44. a5 Bxa5 45. Rxa7 Rxb5 46. c7 Bxc7 47.
Rxc7 h5 48. h4 Re5 49. Rc6+ Kf5 50. Rc3 f6 51. Rf3+ Ke6 52. Ra3 Rd5 53. Re3+ Kf5 54. Rf3+ Ke5 55. Re3+ Kd4 56. Rf3 Rd6 57. Ra3 Ke4 58.
Re3+ Kf5 59. Rf3+ Ke5 60. Re3+ Kf5 61. Rf3+ Ke6 62. Re3+ Kf7 63. Ra3 g5 64. Ra4 Kg6 65.
hxg5 fxg5 66. f4 gxf4 67. Rxf4 Kg5 68. Kh3 Rd5 69. Ra4 Rf5 70. Rh4 Re5 71. Rf4 Re1 72. Ra4 Re5 73. Kg2 Rf5 74. Rd4 Re5 75. g4 hxg4 76.
Kg3 Re3+ 77. Kg2 Ra3 78. Rd8 Ra2+ 79. Kg3 Ra3+ 80. Kg2 Ra2+ 81. Kg3 Ra3+ 82. Kg2 1/2-1/2

[Event "Late-Titled-Tuesday-Blitz-May-07-2024"]
[Site "Chess.com"]
[Date "2024.05.07"]
[Round "1"]
[White "TheDiscoOne"]
[Black "mbojan"]
[Result "0-1"]
[WhiteElo "2519"]
[BlackElo "2892"]
[TimeControl "180+1"]
[EndTime "14:08:49 PDT"]
[Termination "mbojan won by checkmate"]

1. c4 g6 2. g3 Bg7 3. Bg2 d6 4. Nc3 Nc6 5. d3 Bd7 6. Bd2 Qc8 7. Qc1 h5 8. h4 Nf6 9. Nf3 O-O 10. O-O Bh3 11. Bh6 Bxg2 12. Kxg2 Bxh6 13. Qxh6 Ng4 14. Qd2 Nce5 15. Nxe5 dxe5 16. Nd5 Re8 17. Ne3 Nf6 18. Nd5 c6 19. Nxf6+ exf6 20. e3 Qg4 21. Qd1 Qe6 22. b4 Rad8 23. Qc2 f5 24. Rfe1 Qd6 25.
Rab1 Qxd3 26. Rec1 Qxc2 27. Rxc2 Rd3 28. c5 Red8 29.
b5 Rd2 30. Rxd2 Rxd2 31. bxc6 bxc6 32. Rb8+ Kg7 33. Rc8 Rxa2 34. Rxc6 Ra4 35. Rc7 f4 36. exf4 exf4 37. Rc6 Kf8 38. Rf6 fxg3 39. fxg3 Ke7 40. Rc6 a5 41. Ra6 Ra3 42. Ra7+ Ke6 43. Kf2 a4 44. c6 Ra1 45. Kg2 Rc1 46. Rxa4 Rxc6 47.
Rf4 Rc5 48. Rf3 Rc2+ 49. Kh3 f6 50. Re3+ Kf5 51. Rf3+ Ke5 52. Rf1 Re2 53. Rf3 g5 54. hxg5 fxg5 55. Ra3 Ke4 56. Ra4+ Kf3 57. Ra3+ Kf2 58.
Ra5 Kg1 59. Ra1+ Kf2 60. Ra5 g4+ 61. Kh4 Kf3 62. Rf5+ Kg2 63. Rf4 Re5 64. Ra4 Re2 65. Ra3 Kh2 66. Kxh5 Kh3 67. Kg5 Re5+ 68. Kf4 Re8 69.
Kg5 Rf8 70. Ra4 Rg8+ 71. Kf5 Kxg3 72. Rf4 Rf8+ 73. Kg5 Rxf4 74. Kh5 Kf3 75. Kg5 g3 76. Kh5 g2 77. Kg5 g1=Q+ 78. Kh5 Ke2 79. Kh6 Rh4# 0-1

[Event "Late-Titled-Tuesday-Blitz-May-07-2024"]
[Site "Chess.com"]
[Date "2024.05.07"]
[Round "1"]
[White "finec2"]
[Black "Ajedrez_con_German"]
[Result "1-0"]
[WhiteElo "2285"]
[BlackElo "2608"]
[TimeControl "180+1"]
[EndTime "14:08:55 PDT"]
[Termination "finec2 won on time"]

1. e4 a6 2. d4 e6 3. Bd3 d5 4.
Bf4 dxe4 5. Bxe4 Nf6 6. Bf3 c5 7. Ne2 Nc6 8. Bxc6+ bxc6 9. O-O cxd4 10. Nxd4 c5 11.
Qf3 Qd5 12. Nc3 Qxf3 13. Nxf3 Bb7 14. Ne5 Nd5 15. Nxd5 Bxd5 16. c4 Bb7 17. b3 f6 18.
Ng4 e5 19. Bd2 O-O-O 20. Bc3 Rd3 21. Rac1 Be7 22. Ne3 Rhd8 23. Rfd1 Rxd1+ 24. Rxd1 Rxd1+ 25. Nxd1 Kd7 26. Ne3 Ke6 27. Kf1 e4 28. Ke2 Bd6 29. g3 g6 30. Nd5 f5 31. Nf4+ Kf7 32. h4 h6 33. Ke3 g5 34. hxg5 hxg5 35. Nh3 Kg6 36. Ba5 Kh5 37. Bd8 Kg4 38. Nxg5 f4+ 39. Ke2 fxg3 40. fxg3 Bxg3 41. Ne6 Bd6 42. Bb6 Kf5 43.
Nxc5 Bxc5 44. Bxc5 Ke5 45. Be3 Kf5 46. Kf2 Kg4 47.
Kg2 Kf5 48. Kg3 Bc6 49. Kg2 Bb7 50. Kf2 Bc8 51. Ke2 Bb7 52. Kd2 Ke5 53. Kc3 Bc6 54.
Kd2 Kd6 55. Kc3 Ke5 56. a4 Kd6 57. Kd4 Kd7 58. Bf4 Ba8 59. b4 Kc6 60. b5+ Kb6 61. Bg5 axb5 62. axb5 Ka5 63. Bd8+ Kb4 64. Bb6 Bb7 65.
Bc5+ Ka5 66. Bd6 Kb6 67. Bf4 Ka5 68. Bd2+ Ka4 69. Be1 Kb3 70. c5 Ka4 71. c6 Bc8 72.
b6 Kb5 73. b7 1-0

[Event "Late-Titled-Tuesday-Blitz-May-07-2024"]
[Site "Chess.com"]
[Date "2024.05.07"]
[Round "1"]
[White "GWR2024"]
[Black "vladgoncharov"]
[Result "1/2-1/2"]
[WhiteElo "2159"]
[BlackElo "2580"]
[TimeControl "180+1"]
[EndTime "14:08:57 PDT"]
[Termination "Game drawn by repetition"]

1. e4 e6 2. Nc3 d5 3. d4 Bb4 4. exd5 exd5 5. Nf3 Ne7 6. Be2 c6 7. O-O Bg4 8. a3 Bd6 9. h3 Bh5 10. Be3 O-O 11. Ne5 Bxe2 12. Qxe2 f6 13. Nd3 Ng6 14. Qh5 Re8 15. Rfe1 Nd7 16. b4 Nb6 17. Nc5 Qc7 18. Qg4 Nc4 19. Qf3 Bxc5 20. bxc5 Qa5 21. Nxd5 Rad8 22. Nb4 Qc7 23. Nd3 Qd7 24. c3 Nh4 25.
Qg4 Nf5 26. Bf4 Qd5 27. Qf3 Qxf3 28. gxf3 Rxe1+ 29. Nxe1 Ne7 30. Kg2 Nd5 31. Bg3 f5 32.
Nd3 g5 33. Be5 Nxc3 34. Rc1 Nxe5 35. Nxe5 Nd5 36. Rb1 b6 37. h4 bxc5 38. Nxc6 Rc8 39. Nxa7 Ra8 40. Nb5 Nf4+ 41. Kh2 c4 42. hxg5 Ra5 43.
Nd6 Rxa3 44. Kg3 Ne2+ 45. Kg2 c3 46. Nb5 Ra2 47. Nxc3 Nxc3 48. Rc1 Nd5 49. Rc5 Ne7 50. d5 Rd2 51. g6 Kg7 52. Kg3 hxg6 53. Kf4 Kf6 54. d6 Kf7 55. dxe7 Kxe7 56. Rc6 Kf7 57. Rc7+ Kf6 58. Rc6+ Kf7 59. Kg3 Kg7 60. f4 Kf7 61. Ra6 Rd3+ 62. f3 Rd1 63. Ra7+ Kf6 64. Ra6+ Kg7 65. Ra8 Kh6 66. Rh8+ Kg7 67. Ra8 Rg1+ 68. Kf2 Rh1 69. Kg2 Re1 70. Kf2 Rc1 71. Kg3 Rc2 72.
Rb8 Kf6 73. Rf8+ Kg7 74. Ra8 Rc1 75. Rb8 Rc2 76. Ra8 Kf6 77. Rb8 Kg7 78. Ra8 1/2-1/2

[Event "Late-Titled-Tuesday-Blitz-May-07-2024"]
[Site "Chess.com"]
[Date "2024.05.07"]
[Round "1"]
[White "HajiyevKanan"]
[Black "Felix-Rose"]
[Result "0-1"]
[WhiteElo "2587"]
[BlackElo "2221"]
[TimeControl "180+1"]
[EndTime "14:09:06 PDT"]
[Termination "Felix-Rose won by checkmate"]

1. d4 d5 2. Nf3 Nf6 3. c4 e6 4. cxd5 exd5 5. Nc3 c6 6. Qc2 Nbd7 7. Bg5 Be7 8. e3 h6 9. Bf4 Nh5 10. Nxd5 cxd5 11. Bc7 Bb4+ 12. Kd1 Qf6 13. Bb5 O-O 14. Ke2 Qg6 15. Bd3 Qc6 16. Qxc6 bxc6 17. Rhc1 Bb7 18.
a3 Be7 19. Bf5 Nhf6 20. b4 g6 21. Bd3 Rfc8 22. Bg3 Nh5 23. Be5 Nxe5 24. Nxe5 Nf6 25. Rc2 Bd6 26. f4 Bxe5 27. fxe5 Ne4 28. Kf3 Ng5+ 29. Kg3 Kg7 30. h4 Ne6 31. Rf1 Rf8 32. Rf6 Rae8 33. Rcf2 Re7 34. Kh3 Nc7 35. g4 Ne8 36. g5 hxg5 37. hxg5 Rh8+ 38. Kg3 Bc8 39. Be2 Rh3+ 40. Kg2 Rxe3 41. Rxc6 Bh3+ 42. Kh2 Rxa3 43.
Ra6 Rxa6 44. Bxa6 Be6 45. Rc2 Nc7 46. Bd3 Bf5 47. Bxf5 gxf5 48. Kg3 Ne6 49. Rd2 Rc7 50. b5 Rc3+ 51. Kf2 Rb3 52. Ra2 Rxb5 53. Rxa7 Nxd4 54. Ke3 Ne6 55. Kd3 Rb3+ 56. Kc2 Rg3 57. Rd7 d4 58. g6 Rxg6 59. Kd2 Rg2+ 60. Ke1 f4 61. Ra7 f3 62. Ra3 Ng5 63. Rd3 Rg4 64. Kf2 Re4 65. Rd1 Kg6 66. Kg3 Kf5 67. Ra1 Rxe5 68. Ra4 Re4 69. Ra5+ Kg6 70. Ra6+ f6 71. Rd6 Kf5 72.
Rd5+ Ke6 73. Ra5 d3 74. Ra3 Rd4 75. Ra1 d2 76. Rd1 Ke5 77. Kf2 Ke4 78. Kf1 Ke3 79.
Kg1 Ne4 80. Kf1 Ng3+ 81. Kg1 Ke2 82. Rxd2+ Kxd2 83. Kf2 Ne4+ 84. Kxf3 Kd3 85. Kf4 Nc5+ 86. Kf5 Rd6 87. Kf4 Nd7 88. Kf5 Rd5+ 89. Kf4 f5 90. Kf3 Rd4 91. Kg3 f4+ 92. Kf3 Ne5+ 93. Kf2 Ke4 94. Ke2 f3+ 95. Ke1 Nd3+ 96. Kf1 Ra4 97. Kg1 Ra1+ 98. Kh2 f2 99. Kg3 Rg1+ 100.
Kh2 Rg8 101. Kh3 f1=Q+ 102. Kh2 Qg2# 0-1

[Event "Late-Titled-Tuesday-Blitz-May-07-2024"]
[Site "Chess.com"]
[Date "2024.05.07"]
[Round "1"]
[White "Caracal3000"]
[Black "Yaacovn"]
[Result "1/2-1/2"]
[WhiteElo "2505"]
[BlackElo "2841"]
[TimeControl "180+1"]
[EndTime "14:09:37 PDT"]
[Termination "Game drawn by repetition"]

1. e4 c6 2. d4 d5 3. Nc3 dxe4 4. Nxe4 Nf6 5. Nxf6+ gxf6 6. c3 Qd5 7. Qf3 Bf5 8.
Qxd5 cxd5 9. Bf4 Nc6 10. Nf3 e6 11. Kd2 Kd7 12. Bd3 Bg6 13. h4 Rg8 14. g3 h5 15. Rhe1 a6 16. Re2 Na5 17. b3 Rc8 18.
Rae1 Ba3 19. Bxg6 Rxg6 20. Kd3 b5 21. Bc1 Bd6 22. Bd2 Nb7 23. Ng1 Rgg8 24. Nh3 Rc6 25. Rc1 Rgc8 26. Be1 Bb8 27. Rec2 Nd6 28. f3 Nf5 29. g4 hxg4 30. fxg4 Nxh4 31. Bxh4 Rh8 32.
Bxf6 Rxh3+ 33. Ke2 Bd6 34. c4 Rh2+ 35. Kd3 bxc4+ 36. bxc4 Rh3+ 37. Ke2 Ba3 38. Rb1 Rh2+ 39. Kd3 Rh3+ 40. Ke2 Rh2+ 41. Kd3 Rxc2 42. Kxc2 Rxc4+ 43. Kd3 Bd6 44. Rb7+ Rc7 45. Rb6 Rc6 46. Rb7+ Ke8 47. Ra7 Bc7 48. Ra8+ Kd7 49. Rf8 Bd6 50. Rxf7+ Ke8 51.
Ra7 Kf8 52. g5 Rc7 53. Ra8+ Kf7 54. Rh8 Kg6 55. Rh6+ Kf5 56. Rh8 Bb4 57. Ra8 Rc3+ 58.
Ke2 Ra3 59. Rf8 Rxa2+ 60. Kf3 Ra3+ 61. Kg2 Kg4 62. Rg8 Ra2+ 63. Kf1 Kf3 64. Kg1 Bd2 65. Be5 Bf4 66. Bxf4 Kxf4 67. g6 Kf5 68. g7 Kf6 69.
Re8 Kxg7 70. Rxe6 Rd2 71. Rxa6 Rxd4 72. Kf2 Re4 73. Rd6 Re5 74. Kf3 Kf7 75. Kf4 Rh5 76. Ke3 Ke7 77. Ra6 Rh4 78. Kd3 Re4 79. Rh6 Kd7 80.
Ra6 Rh4 81. Rb6 Kc7 82. Ra6 Rb4 83. Rg6 Rh4 84. Rf6 Kd7 85. Rg6 Re4 86. Ra6 Rg4 87.
Rh6 Rf4 88. Ra6 Rb4 89. Rh6 Ke7 90. Ra6 Re4 91. Rb6 Re6 92. Rxe6+ Kxe6 93. Kd4 Kd6 94. Kd3 Kc5 95. Kc3 Kc6 96. Kd4 Kd6 97.
Kd3 Ke5 98. Ke3 d4+ 99. Kd3 Kd5 100. Kd2 Kc4 101. Kc2 Kd5 102. Kd3 Ke5 103. Kd2 Ke4 104. Ke2 d3+ 105. Kd2 Kd4 106. Kd1 Kc3 107. Kc1 Kc4 108. Kd2 Kd4 109. Kd1 Ke3 110. Ke1 Ke4 111. Kd2 Kd4 1/2-1/2

[Event "Late-Titled-Tuesday-Blitz-May-07-2024"]
[Site "Chess.com"]
[Date "2024.05.07"]
[Round "1"]
[White "Navyblue1"]
[Black "Defend1r"]
[Result "0-1"]
[WhiteElo "2225"]
[BlackElo "2610"]
[TimeControl "180+1"]
[EndTime "14:09:44 PDT"]
[Termination "Defend1r won on time"]

1. d4 Nf6 2. c4 e6 3. Nf3 d5 4.
Nc3 Be7 5. Bg5 O-O 6. e3 Nbd7 7. Qc2 h6 8. Bh4 a6 9. c5 c6 10. Be2 b6 11. cxb6 Nxb6 12. O-O Nfd7 13. Bxe7 Qxe7 14. Na4 Nxa4 15. Qxa4 c5 16. dxc5 Qxc5 17. Rac1 Qb6 18. Qd4 Rb8 19. b3 Nf6 20. Rc2 Bd7 21. Rfc1 Qa5 22.
Ne5 Bb5 23. Bxb5 Rxb5 24. h3 Qa3 25. Rc8 Rb8 26. Rxf8+ Rxf8 27. Rc2 Qd6 28. Nd3 Ne4 29. Qe5 Qa3 30. Nf4 Nf6 31. Qd4 Rb8 32. Nd3 a5 33. f3 Qd6 34. Kf2 Ra8 35. Qe5 Qb6 36. Qd4 Qd8 37. Ne5 Qe8 38. Qc5 a4 39. b4 a3 40. b5 Rb8 41. b6 Nd7 42. Nxd7 Qxd7 43. Qc7 Qxc7 44. bxc7 Rc8 45. Rc3 Kf8 46. Rxa3 Rxc7 47.
Ra8+ Ke7 48. Ra6 Rc2+ 49. Kg3 Kf6 50. a4 Re2 51. Rb6 Rxe3 52. a5 Ra3 53. a6 Ra2 54. f4 d4 55. Rd6 d3 56. Rxd3 Rxa6 57. Rf3 Ra4 58. Rf2 Kf5 59. Rf3 Ra2 60. Kh2 Ke4 61.
Kg3 Ra1 62. Rb3 Kf5 63. Rb5+ Kf6 64. Rb6 g6 65. Rb5 Ra3+ 66. Kf2 h5 67. Ke2 Kg7 68. Kf2 Rc3 69. Ke2 Kf8 70. Rb7 Rc5 71. Kf3 Kg7 72.
Kg3 Rd5 73. Ra7 Kf6 74. Kf3 Rd3+ 75. Ke2 Rd6 76. Ke3 Rb6 77. Ra5 Rb7 78. Kf3 Re7 79.
Kg3 e5 80. fxe5+ Rxe5 81. Ra6+ Kg5 82. Ra4 Re3+ 83. Kf2 Rb3 84. Ra5+ f5 85. Ra4 f4 86. Ra5+ Kh4 87. Ra4 g5 88. Ra7 Rb2+ 89. Kf3 Rb3+ 90.
Kf2 Rb2+ 91. Kf3 g4+ 92. hxg4 hxg4+ 93. Kxf4 Rf2+ 0-1